 Dungeon Crawl Stone Soup version 0.30.0-21-gd299b56b3f (webtiles) character file.

Game seed: 3934612627472880846

2955 qw the Cleaver (level 9, -7/57 HPs)
             Began as a Gargoyle Fighter on June 2, 2023.
             Was a Believer of Okawaru.
             Mangled by a polar bear (18 damage)
             ... on level 8 of the Dungeon.
             The game lasted 00:03:32 (6220 turns).

qw the Cleaver (Gargoyle Fighter)                   Turns: 6220, Time: 00:03:32

Health: -7/57      AC: 22    Str: 24    XL:     9   Next: 81%
Magic:  10/12      EV:  9    Int:  9    God:    Okawaru [**....]
Gold:   166        SH:  5    Dex:  9    Spells: 8/8 levels left

rFire   . . .        s - +2 war axe (spect)
rCold   . . .        c - +0 buckler
rNeg    + . .        q - +0 plate armour
rPois   inf          (no helmet)
rElec   +            (no cloak)
rCorr   .            (no gloves)
SInv    +            g - +0 pair of boots
Will    +....        (no amulet) Stlth
                     l - ring of willpower
HPRegen 0.29/turn    k - ring of see invisible
MPRegen 0.13/turn

%: no passive effects
@: about to teleport, heroic
A: sickness immunity, AC +6, negative energy resistance 1, electricity
resistance, torment resistance 1, petrification resistance
a: Renounce Religion, Heroism


You were on level 8 of the Dungeon.
You worshipped Okawaru.
Okawaru was pleased with you.
You visited 1 branch of the dungeon, and saw 8 of its levels.

You collected 355 gold pieces.
You spent 189 gold pieces at shops.


Innate Abilities, Weirdness & Mutations

You are immune to sickness and miasma.
Your stone body is resilient. (AC +6)
You are immune to poison.
You resist negative energy. (rN+)
You are resistant to electric shocks. (rElec)
You are resistant to unholy torment.
You are immune to petrification.


   Skills:
 - Level 7.1(12.1) Fighting
 + Level 9.1(14.1) Axes
 - Level 6.2(11.2) Armour
 - Level 1.3(6.3) Dodging
 - Level 4.1(9.1) Shields
 - Level 4.1 Invocations


You had 8 spell levels left.
You didn't know any spells.
Your spell library was empty.

Inventory:

Hand Weapons
 n - a +1 flail of protection
 s - a +2 spectral war axe (weapon)
Armour
 c - a +0 buckler (worn)
 g - a +0 pair of boots (worn)
 q - a +0 plate armour (worn)
Jewellery
 a - a ring of willpower
 k - a ring of see invisible (right hand)
 l - a ring of willpower (left hand)
Scrolls
 h - 4 scrolls of identify
Potions
 d - a potion of might
 e - a potion of heal wounds
 f - a potion of mutation
 i - a potion of haste
 j - 2 potions of curing
 m - 2 potions of lignification
 o - 2 potions of attraction
 p - a potion of magic

Dungeon Overview and Level Annotations

Branches:
Dungeon (8/15)             Temple (0/1) D:5
   Lair: D:8-11

Altars:
Ashenzari
Cheibriados
Makhleb
Okawaru
Ru
Yredelemnul

Shops:
D:6 [?(

Annotations:
D:4 1 runed translucent door, Crazy Yiuf
D:5 2 transporters, qw's ghost, novice GrFi


Message History

Okawaru accepts your kill.
Your base Armour skill increases to level 6!
You slash the polar bear!
The polar bear is moderately wounded.
The polar bear bites you but does no damage.
The polar bear claws you but does no damage.
You block the polar bear's attack.
You closely miss the polar bear.
The polar bear is moderately wounded.
You slice the polar bear!!
The polar bear is severely wounded.
You feel like a meek peon again.
The polar bear goes berserk!
6216 ||| INVOKING Heroism.
You gain the combat prowess of a mighty hero.
The polar bear bites you.
The polar bear claws you but does no damage. x2
The polar bear bites you! The polar bear claws you.
The polar bear claws you but does no damage.
You closely miss the polar bear.
The polar bear is severely wounded.
The polar bear bites you but does no damage.
The polar bear claws you but does no damage. x2
You hit the polar bear.
The polar bear is almost dead.
The polar bear bites you!!
The polar bear claws you but does no damage.
You block the polar bear's attack.
You hit the polar bear.
The polar bear is almost dead.
You block the polar bear's attack.
The polar bear claws you but does no damage.
You block the polar bear's attack. The polar bear bites you!
The polar bear closely misses you.
The polar bear claws you but does no damage.
6220 ||| READING scroll of teleportation.
As you read the scroll of teleportation, it crumbles to dust.
You feel strangely unstable. The polar bear bites you!!
You die...

###...#%...~..........
###..%.....[........
###...............
#........[........
#.#####.....##.. #.
####..# . #..### ##
#....# #@##...# #h#
..##


oo. ... .##.# #### .. .# [. .# ... .# ~.. ## You could see a polar bear
(berserk), an orc wizard (invisible) and an orc.

Vanquished Creatures
  3 yaks (D:8)
  A wyvern (D:8)
  2 steam dragons
  2 water moccasins
  An orc warrior (D:5)
  3 ice beasts
  A sky beast (D:7)
  A black bear (D:6)
  2 ogres
  A kobold brigand (D:7)
  2 bullfrogs (D:7)
  3 scorpions
  3 wights (D:7)
  An electric eel (D:7)
  2 howler monkeys
  4 hounds
  3 orc priests
  An orc wizard (D:5)
  4 iguanas
  A killer bee simulacrum (D:8)
  11 gnolls
  5 adders
  A shadow imp (D:7)
  2 white imps
  3 worms
  2 dart slugs
  15 orcs
  12 endoplasms
  4 giant cockroaches
  7 goblins
  5 hobgoblins
  14 kobolds
  4 quokkas
  9 ball pythons
  6 bats
  6 frilled lizards
  12 rats
159 creatures vanquished.

Notes
Turn   | Place    | Note
-------+----------+-------------------------------------------
     0 | D:1      | qw the Gargoyle Fighter began the quest for the Orb.
     0 | D:1      | Reached XP level 1. HP: 14/14 MP: 1/1
     0 | D:1      | 0 ||| qw: Version: 0.2-a-102-gdf20003
     0 | D:1      | 0 ||| qw: Game counter: 852
     0 | D:1      | 0 ||| qw: Always use a shield: true
     0 | D:1      | 0 ||| qw: God list: Okawaru
     0 | D:1      | 0 ||| qw: Allow faded altars: false
     0 | D:1      | 0 ||| qw: Do Orc after D:15 true
     0 | D:1      | 0 ||| qw: Do second Lair branch before Depths: true
     0 | D:1      | 0 ||| qw: Lair rune preference: random
     0 | D:1      | 0 ||| qw: Plans: Normal, Zot:1-4, Slime:5, God:TSO, Crypt,
                  | Tomb, Pan, Hells, Abyss, Win
     0 | D:1      | 0 ||| PLANNING D:1-11
    45 | D:1      | Reached skill level 2 in Axes
    59 | D:1      | 59 ||| Stepping ~*~*~tactically~*~*~ (stealth).
    62 | D:1      | 62 ||| Stepping ~*~*~tactically~*~*~ (stealth).
    73 | D:1      | 73 ||| Stepping ~*~*~tactically~*~*~ (hiding).
    74 | D:1      | 74 ||| Stepping ~*~*~tactically~*~*~ (hiding).
    83 | D:1      | Reached XP level 2. HP: 13/19 MP: 2/2
   128 | D:1      | 128 ||| Stepping ~*~*~tactically~*~*~ (hiding).
   262 | D:1      | 262 ||| Stepping ~*~*~tactically~*~*~ (stealth).
   379 | D:1      | 379 ||| Stepping ~*~*~tactically~*~*~ (stealth).
   390 | D:1      | Reached skill level 3 in Axes
   466 | D:1      | Reached XP level 3. HP: 23/23 MP: 3/3
   912 | D:1      | 912 ||| UPGRADING to +0 pair of boots.
   917 | D:1      | 917 ||| UPGRADING to ring of willpower.
   918 | D:1      | 918 ||| READING scroll labelled PAUGHI RIASM.
   919 | D:1      | 919 ||| READING scroll labelled COMECV FEFIZ.
   920 | D:1      | 920 ||| READING scroll labelled YCOELU QAWUOR.
   921 | D:1      | 921 ||| READING scroll labelled JUG UR REI.
   961 | D:2      | 961 ||| STAIRDANCE
  1135 | D:2      | Reached XP level 4. HP: 27/28 MP: 4/4
  1148 | D:2      | Reached skill level 4 in Axes
  1183 | D:2      | 1183 ||| Stepping ~*~*~tactically~*~*~ (stealth).
  1399 | D:2      | Reached XP level 5. HP: 32/32 MP: 5/5
  1448 | D:2      | 1448 ||| Stepping ~*~*~tactically~*~*~ (stealth).
  1450 | D:2      | 1450 ||| Stepping ~*~*~tactically~*~*~ (stealth).
  1606 | D:2      | 1606 ||| DRINKING 2 bubbling brown potions.
  1607 | D:2      | 1607 ||| DROPPING potion of brilliance.
  1825 | D:3      | You fall into a shaft and drop 2 floors!
  1825 | D:5      | Entered Level 5 of the Dungeon
  1825 | D:5      | Found a transporter.
  1826 | D:5      | Noticed an ogre
  1826 | D:5      | Noticed qw's ghost (novice GrFi)
  1827 | D:5      | 1827 ||| PLANNING SEWER
  1827 | D:5      | Found a transporter.
  1827 | D:5      | Identified the +10 dire flail of Tait {heavy, *Rage rN+
                  | Will+ Int+3}
  1827 | D:5      | Noticed an ogre
  1848 | D:5      | Noticed an ogre
  1855 | D:5      | Killed an ogre
  1856 | D:5      | Reached skill level 5 in Axes
  2039 | D:5      | Reached XP level 6. HP: 33/37 MP: 6/6
  2053 | D:5      | 2053 ||| DROPPING +0 whip.
  2272 | D:5      | HP: 2/38 [orc priest/divine providence (15)]
  2278 | D:5      | HP: 2/38 [orc priest/+0 mace (1)]
  2429 | D:5      | 2429 ||| RIP SEWER
  2451 | D:5      | 2451 ||| PLANNING D:1-11
  2451 | D:5      | 2451 ||| READING scroll labelled ERATUO CAIGAUT.
  2452 | D:5      | 2452 ||| READING scroll labelled HONYT FIURI.
  2453 | D:5      | 2453 ||| READING scroll labelled HISANKUTAL.
  2454 | D:5      | 2454 ||| DRINKING 2 fuming red potions.
  2455 | D:5      | 2455 ||| DRINKING 2 cyan potions.
  2505 | D:5      | 2505 ||| READING 2 scrolls of identify.
  2505 | D:5      | 2505 ||| IDENTIFYING pink potion
  2506 | D:5      | 2506 ||| DROPPING potion of invisibility.
  2518 | D:4      | Reached skill level 1 in Dodging
  2558 | D:3      | 2558 ||| Stepping ~*~*~tactically~*~*~ (stealth).
  2566 | D:3      | 2566 ||| Stepping ~*~*~tactically~*~*~ (stealth).
  2603 | D:3      | 2603 ||| Stepping ~*~*~tactically~*~*~ (stealth).
  2610 | D:3      | 2610 ||| Stepping ~*~*~tactically~*~*~ (stealth).
  2657 | D:3      | 2657 ||| READING scroll labelled QILANI FOIJ.
  3073 | D:3      | 3073 ||| Stepping ~*~*~tactically~*~*~ (stealth).
  3095 | D:3      | 3095 ||| READING scroll labelled OLUCLU YRCHOMOENO.
  3199 | D:4      | 3199 ||| READING scroll of brand weapon.
  3199 | D:4      | 3199 ||| BRANDING +1 war axe of draining.
  3343 | D:4      | Found an iron altar of Okawaru.
  3344 | D:4      | 3344 ||| PLANNING OKAWARU WORSHIP
  3344 | D:4      | 3344 ||| DROPPING +6 ring of intelligence.
  3345 | D:4      | 3345 ||| UPGRADING to ring of see invisible.
  3346 | D:4      | 3346 ||| DRINKING 2 purple potions.
  3347 | D:4      | 3347 ||| READING 2 scrolls of identify.
  3347 | D:4      | 3347 ||| IDENTIFYING black potion
  3352 | D:4      | Became a worshipper of Warmaster Okawaru
  3352 | D:4      | 3352 ||| PLANNING D:1-11
  3410 | D:4      | Found a runed translucent door.
  3411 | D:4      | Noticed Crazy Yiuf
  3537 | D:4      | 3537 ||| Stepping ~*~*~tactically~*~*~ (hiding).
  3619 | D:4      | 3619 ||| READING 2 scrolls of identify.
  3619 | D:4      | 3619 ||| IDENTIFYING bubbling sapphire potion
  3674 | D:5      | Reached skill level 6 in Axes
  3674 | D:5      | Reached XP level 7. HP: 36/43 MP: 7/7
  3793 | D:5      | 3793 ||| Stepping ~*~*~tactically~*~*~ (stealth).
  3798 | D:5      | 3798 ||| Stepping ~*~*~tactically~*~*~ (hiding).
  3799 | D:5      | 3799 ||| Stepping ~*~*~tactically~*~*~ (hiding).
  3910 | D:5      | 3910 ||| DROPPING +0 flail.
  3911 | D:5      | Found a staircase to the Ecumenical Temple.
  4153 | D:5      | 4153 ||| DROPPING +2 leather armour of cold resistance.
  4154 | D:5      | 4154 ||| UPGRADING to +0 plate armour.
  4164 | D:5      | 4164 ||| DROPPING +0 scale mail.
  4170 | D:6      | Found Xureph's Weapon Boutique.
  4296 | D:6      | Reached * piety under Okawaru
  4326 | D:6      | Reached skill level 1 in Invocations
  4357 | D:6      | 4357 ||| Stepping ~*~*~tactically~*~*~ (hiding).
  4365 | D:6      | 4365 ||| INVOKING Heroism.
  4455 | D:6      | 4455 ||| INVOKING Heroism.
  4468 | D:6      | Reached skill level 7 in Axes
  4468 | D:6      | Reached XP level 8. HP: 41/48 MP: 6/8
  4492 | D:6      | Found Xuss's Armour Emporium.
  4500 | D:6      | 4500 ||| SHOPLISTING +4 ring mail of the Robin {rC+ Int-3
                  | SInv} (466 gold, have 307).
  4570 | D:6      | 4570 ||| FLEEEEING.
  4622 | D:6      | 4622 ||| INVOKING Heroism.
  4667 | D:6      | Reached skill level 3 in Invocations
  4709 | D:6      | Found Agravvel's Magic Scroll Emporium.
  4723 | D:6      | 4723 ||| BUYING scroll of enchant weapon (105 gold).
  4723 | D:6      | Bought a scroll of enchant weapon for 105 gold pieces
  4723 | D:6      | 4723 ||| BUYING scroll of identify (28 gold).
  4723 | D:6      | Bought a scroll of identify for 28 gold pieces
  4723 | D:6      | 4723 ||| BUYING scroll of identify (28 gold).
  4723 | D:6      | Bought a scroll of identify for 28 gold pieces
  4723 | D:6      | 4723 ||| BUYING scroll of identify (28 gold).
  4723 | D:6      | Bought a scroll of identify for 28 gold pieces
  4723 | D:6      | 4723 ||| READING scroll of enchant weapon.
  4723 | D:6      | 4723 ||| ENCHANTING +1 spectral war axe.
  4948 | D:6      | 4948 ||| INVOKING Heroism.
  4949 | D:6      | 4949 ||| Stepping ~*~*~tactically~*~*~ (cloud).
  4951 | D:6      | 4951 ||| Stepping ~*~*~tactically~*~*~ (cloud).
  4952 | D:6      | 4952 ||| Stepping ~*~*~tactically~*~*~ (hiding).
  5176 | D:6      | 5176 ||| READING 4 scrolls of identify.
  5176 | D:6      | 5176 ||| IDENTIFYING green potion
  5177 | D:6      | 5177 ||| READING 3 scrolls of identify.
  5177 | D:6      | 5177 ||| IDENTIFYING fuming pink potion
  5231 | D:7      | Reached skill level 8 in Axes
  5259 | D:7      | 5259 ||| Stepping ~*~*~tactically~*~*~ (hiding).
  5260 | D:7      | 5260 ||| Stepping ~*~*~tactically~*~*~ (hiding).
  5313 | D:7      | Found a broken altar of Ashenzari.
  5316 | D:7      | Found a burning altar of Makhleb.
  5317 | D:7      | 5317 ||| INVOKING Heroism.
  5323 | D:7      | Reached skill level 6 in Fighting
  5395 | D:7      | Found a basalt altar of Yredelemnul.
  5398 | D:7      | Found a sacrificial altar of Ru.
  5447 | D:7      | Reached XP level 9. HP: 50/55 MP: 12/12
  5560 | D:7      | Found a snail-covered altar of Cheibriados.
  5618 | D:7      | 5618 ||| Stepping ~*~*~tactically~*~*~ (stealth).
  5620 | D:7      | 5620 ||| Stepping ~*~*~tactically~*~*~ (hiding).
  5634 | D:7      | Reached ** piety under Okawaru
  5928 | D:7      | 5928 ||| INVOKING Heroism.
  6084 | D:7      | 6084 ||| DROPPING ring of wizardry.
  6085 | D:7      | 6085 ||| READING scroll labelled CAESCHAFETU.
  6121 | D:8      | Reached skill level 9 in Axes
  6140 | D:8      | 6140 ||| Stepping ~*~*~tactically~*~*~ (stealth).
  6143 | D:8      | 6143 ||| Stepping ~*~*~tactically~*~*~ (stealth).
  6145 | D:8      | 6145 ||| Stepping ~*~*~tactically~*~*~ (hiding).
  6152 | D:8      | 6152 ||| INVOKING Heroism.
  6191 | D:8      | Noticed a polar bear
  6191 | D:8      | 6191 ||| INVOKING Heroism.
  6213 | D:8      | Reached skill level 6 in Armour
  6216 | D:8      | 6216 ||| INVOKING Heroism.
  6219 | D:8      | HP: 11/57 [polar bear (9)]
  6220 | D:8      | 6220 ||| READING scroll of teleportation.
  6220 | D:8      | Mangled by a polar bear

Levels and vault maps discovered:
D:1:      dpeg_arrival_subterranean_lakeside_camping, layout_loops_ring,
          palyth_stone_intersect
D:2:      layout_loops_ring
D:3:      layout_rooms, serial_bayou, serial_bayou_lake_a, serial_bayou_ford_a,
          serial_bayou_lagoon_b, serial_bayou_lagoon_a, serial_bayou_pond_e,
          serial_bayou_shore_b, fountainhead, columned_hall_lemuel
D:4:      layout_rooms, okawaru_trees_2, uniq_crazy_yiuf_cottage
D:5:      layout_loops_ring, minmay_temple_entry_purple_smoke,
          portal_sewer_entry_a, gammafunk_ghost_smash
D:6:      layout_cave_pods, serial_glass, glass_columns_b, glass_columns_a,
          serial_shops, shop, shop, shop, grunt_ministairs_14
D:7:      layout_cave_pools, lemuel_doored_altar,
          grunt_temple_overflow_cloverleaf, st_stairs_3, kennysheep_cross_room,
          lemuel_flame_loot_1
D:8:      layout_rooms, serial_ice, serial_ice_f, serial_ice_h, serial_ice_e,
          serial_ice_k, serial_ice_b, item_on_display_a

Skill      XL: |  1  2  3  4  5  6  7  8  9 |
---------------+----------------------------+-----
Axes           | 2 3 4 5 6 7 8 9 |  9.1
Fighting       | 4 6 7 |  7.1
Dodging        | 1 |  1.3
Armour         | 4 6 |  6.2
Invocations    | 1 4 |  4.1
Shields        | 4 |  4.1

Action                     |  1- 3 |  4- 6 |  7- 9 || total
---------------------------+-------+-------+-------++-------
  Melee: War axe           |   123 |   172 |   218 ||   513
 Invoke: Heroism           |       |       |     9 ||     9
    Use: Scroll            |     4 |     9 |     5 ||    18
         Potion            |       |     4 |       ||     4
   Stab: Distracted        |       |       |     1 ||     1
 Armour: Scale mail        |    73 |    72 |    10 ||   155
         Plate armour      |       |       |    78 ||    78
  Dodge: Dodged            |    61 |    84 |    60 ||   205
  Block: Buckler           |    19 |    24 |    42 ||    85

Table legend:
 A = Non-vault XP
 B = Vault XP
 C = Vault XP percentage of total XP
 D = Non-vault monster count
 E = Vault monster count
 F = Vault count percentage of total count
                 A         B        C        D         E       F
            +---------+---------+-------+---------+---------+-------
      Total |    3414 |     808 |  19.1 |     139 |      20 |  12.6
            +---------+---------+-------+---------+---------+-------
        D:1 |      57 |      10 |  14.9 |      28 |       6 |  17.6
        D:2 |     105 |       0 |   0.0 |      20 |       0 |   0.0
        D:3 |      28 |       0 |   0.0 |      17 |       0 |   0.0
        D:4 |     155 |       0 |   0.0 |      13 |       0 |   0.0
        D:5 |     513 |      11 |   2.1 |      17 |       5 |  22.7
        D:6 |     877 |     114 |  11.5 |      13 |       2 |  13.3
        D:7 |    1192 |      14 |   1.2 |      20 |       2 |   9.1
        D:8 |     487 |     659 |  57.5 |      11 |       5 |  31.2
            +---------+---------+-------+---------+---------+-------
